 Dungeon Crawl Stone Soup version 0.13-a0-2174-g3a0f4b0 (webtiles) character file.

143 Root the Practitioner (level 3, 23/32 HPs)
             Began as a Deep Dwarf Healer on July 1, 2013.
             Was a Believer of Elyvilon.
             Starved to death
             ... on Level 2 of the Dungeon.
             The game lasted 00:03:12 (686 turns).

Root the Practitioner (Deep Dwarf Healer)            Turns: 686, Time: 00:03:13

HP  23/32        AC  8     Str 16      XL: 3   Next: 16%
MP   6/6         EV  6     Int 12      God: Elyvilon [**....]
Gold 108         SH  0     Dex 12      Spells:  0 memorised,  2 levels left

Res.Fire  : . . .   See Invis. : .   g - +0,+1 whip (flame)
Res.Cold  : . . .   Warding    : .   e - +0 chain mail
Life Prot.: . . .   Conserve   : .   (no shield)
Res.Poison: .       Res.Corr.  : .   (no helmet)
Res.Elec. : .       Clarity    : .   (no cloak)
Sust.Abil.: . .     Spirit.Shd : .   (no gloves)
Res.Mut.  : .       Stasis     : .   (no boots)
Res.Rott. : .       Flight     : .   (no amulet)
Saprovore : . . .                    (no ring)
                                     (no ring)

@: non-regenerating, mildly poisoned, slightly resistant to hostile
enchantments, extremely unstealthy
A: damage resistance, recharge devices, sense surroundings 1, slow healing 3
a: Device Recharging, Lesser Healing, Lesser Self-Healing, Divine Protection,
Purification, Renounce Religion


You were on level 2 of the Dungeon.
You worshipped Elyvilon.
Elyvilon was most pleased with you.
You were starving.

You visited 1 branch of the dungeon, and saw 2 of its levels.

You collected 8 gold pieces.

Inventory:

Hand weapons
 g - a +0,+1 whip of flaming (weapon)
 h - a +0,+1 dwarven mace
Armour
 e - a +0 chain mail (worn)
Magical devices
 d - a wand of heal wounds (5)
Comestibles
 f - 2 bread rations
Scrolls
 a - 3 scrolls of blinking {unknown}
 i - a scroll of amnesia {unknown}
 j - a scroll of identify {unknown}
 k - a scroll of remove curse {unknown}
 m - a scroll of teleportation {unknown}
Potions
 b - 2 potions of curing
 c - 2 potions of heal wounds
 l - a potion of decay {unknown}


   Skills:
 - Level 1.7 Fighting
 - Level 2.1 Dodging
 + Level 5.9 Invocations
 - Level 2.0 Evocations


You had 2 spell levels left.
You didn't know any spells.

Dungeon Overview and Level Annotations

Branches:
Dungeon (2/27)

Altars:


Innate Abilities, Weirdness & Mutations

You are resistant to damage.
You can recharge devices by infusing magical energy.
You passively map a small area around you.
You do not heal naturally.


Message History

You barely miss the adder.
The adder is moderately wounded.
The adder bites you but does no damage.
You hit the adder. You burn the adder.
The adder is heavily wounded.
The adder bites you but does no damage. The adder barely misses you.
You miss the adder.
The adder is heavily wounded.
The adder bites you but does no damage.
You closely miss the adder.
The adder is heavily wounded.
The adder bites you. The adder bites you but does no damage.
Your chain mail prevents you from hitting the adder.
The adder is heavily wounded.
The adder bites you but does no damage.
You miss the adder.
The adder is heavily wounded.
The adder bites you but does no damage. The adder bites you.
You have starved to death.
You die...

#...# #......##
######.### #####...#
#.....>..# #...#*
#.####.#.#########...##
* * #.................
, * #.#.######......<.
, ##.#.######........
#..S.?.............
#.@#.#########....# ,
,#..#.# #....# , ,#..#
# #....# ...#, #.####
..... #. .....# , , * *
....... , ###... * ,
...


You could see an adder.

Vanquished Creatures
  Ijyb (D:2)
  A giant cockroach (D:2)
  A kobold (D:2)
3 creatures vanquished.

Vanquished Creatures (others)
  A bat (D:1)
  2 rats
3 creatures vanquished.

Grand Total: 6 creatures vanquished

Notes
Turn   | Place    | Note
--------------------------------------------------------------
     0 | D:1      | Root, the Deep Dwarf Healer, began the quest for the Orb.
     0 | D:1      | Reached XP level 1. HP: 19/19 MP: 2/2
    41 | D:1      | Reached skill level 5 in Invocations
    41 | D:1      | Reached skill level 1 in Evocations
   186 | D:1      | Reached XP level 2. HP: 26/26 MP: 4/4
   552 | D:2      | Noticed Ijyb
   591 | D:2      | Killed Ijyb
   591 | D:2      | Reached XP level 3. HP: 30/32 MP: 6/6
   686 | D:2      | Starved to death

Action                   || total
-------------------------++-------
Melee: Whip              ||    78
Invok: Lesser Healing    ||    23
